 Dungeon Crawl Stone Soup version 0.29.1-13-g9f3cf754e1 (webtiles) character file.

Game seed: 12352593004954137201

611 cheesebisquit the Chopper (level 7, -7/61 HPs)
             Began as a Hill Orc Fighter on Jan 27, 2023.
             Was an Initiate of Beogh.
             Mangled by Pikel
             ... wielding a +1 whip of flaming
              (9 damage)
             ... on level 5 of the Dungeon.
             The game lasted 00:19:10 (4655 turns).

cheesebisquit the Chopper (Hill Orc Fighter)        Turns: 4655, Time: 00:19:11

Health: -7/61      AC: 11    Str: 21    XL:     7   Next: 43%
Magic:  7/7        EV:  6    Int:  8    God:    Beogh [......]
Gold:   167        SH:  8    Dex: 10    Spells: 6/6 levels left

rFire   . . .      SeeInvis +   p - +0 war axe
rCold   . . .      Faith    .   d - +0 kite shield
rNeg    . . .      Spirit   .   r - +0 chain mail
rPois   .          Reflect  .   (no helmet)
rElec   .          Harm     .   (no cloak)
rCorr   +          Rampage  .   (no gloves)
Will    .....                   h - +0 pair of boots
Stlth   ..........              (no amulet)
HPRegen 0.20/turn               i - ring of see invisible
MPRegen 0.10/turn               s - ring of resist corrosion

@: no status effects
A: no striking features
a: Renounce Religion


You were on level 5 of the Dungeon.
You worshipped Beogh.
Beogh was noncommittal.
You visited 1 branch of the dungeon, and saw 5 of its levels.

You collected 167 gold pieces.

Inventory:

Hand Weapons
 p - a +0 war axe (weapon)
Missiles
 q - 5 boomerangs (quivered)
 u - 4 atropa-tipped darts
Armour
 b - the +5 buckler of the Lion {rCorr Str-5 Int+4 Dex+3}
   (You found it on level 3 of the Dungeon)

   Str:       It affects your strength (-5).
   Int:       It affects your intelligence (+4).
   Dex:       It affects your dexterity (+3).
   rCorr:     It protects you from acid and corrosion.
 d - a +0 kite shield (worn)
 h - a +0 pair of boots (worn)
 r - a +0 chain mail (worn)
Jewellery
 i - a ring of see invisible (left hand)
 s - a ring of resist corrosion (right hand)
 w - the ring "Deatirem" {Wiz rN+ Int+3 Dex-5 SInv}
   (You found it on level 4 of the Dungeon)

   [ring of wizardry]

   It improves your spell success rate.
   Int:       It affects your intelligence (+3).
   Dex:       It affects your dexterity (-5).
   rN:        It protects you from negative energy.
   SInv:      It lets you see invisible.
Scrolls
 a - a scroll of noise {unknown}
 c - a scroll of acquirement {unknown}
 e - a scroll of poison {unknown}
 f - a scroll of magic mapping {unknown}
 j - a scroll of fog {unknown}
 k - 2 scrolls of identify {unknown}
 l - a scroll of blinking {unknown}
 m - a scroll of vulnerability {unknown}
 y - a scroll of summoning {unknown}
 z - a scroll of fear {unknown}
Potions
 g - a potion of ambrosia
 o - 2 potions of degeneration {unknown}
 t - a potion of lignification {unknown}
 v - a potion of berserk rage {unknown}
 x - a potion of flight {unknown}


   Skills:
 + Level 5.5 Fighting
 * Level 6.9 Axes
 + Level 5.0 Armour
 + Level 5.0 Shields


You had 6 spell levels left.
You didn't know any spells.
Your spell library contained the following spells:

 Spells                   Type           Power      Damage    Failure   Level
 Summon Small Mammal      Summ           0%         N/A       100%        1
 Call Canine Familiar     Summ           0%         N/A       100%        3
 Dazzling Flash           Conj/Hex       0%         N/A       100%        3
 Summon Guardian Golem    Hex/Summ       0%         N/A       100%        3
 Iskenderun's Mystic Bla  Conj/Tloc      0%         2d3       100%        4
 Starburst                Conj/Fire      0%         6d3       100%        6


Dungeon Overview and Level Annotations

Branches:
Dungeon (5/15)
 Temple: D:4-7

Altars:
Sif Muna

Annotations:
D:5 Pikel


Message History

Pikel burns you.
You are confused.
You feel invigorated. Pikel hits you but does no damage.
You miss Pikel. Pikel hits you but does no damage.
Pikel hits you with a +1 whip of flaming.
Pikel burns you.
You're too confused to move!
Pikel hits you with a +1 whip of flaming.
Pikel burns you.
You slash Pikel!
Pikel is moderately wounded.
You barely miss the lemure.
Pikel hits you with a +1 whip of flaming.
Pikel burns you. The lemure hits you.
You barely miss Pikel.
Pikel is moderately wounded.
You hit the lemure.
You feel less invigorated.
You feel less confused. Pikel waves his whip at you.
Pikel hits you but does no damage.
You slash Pikel!
Pikel is heavily wounded.
You hit the lemure. You hit the lemure but do no damage.
Pikel hits you but does no damage. The lemure hits you but does no damage.
The lemure hits you!
You closely miss Pikel.
Pikel is heavily wounded.
You hit the lemure. You hit the lemure but do no damage.
Pikel hits you with a +1 whip of flaming.
Pikel burns you. The lemure closely misses you. x2
Pikel hits you with a +1 whip of flaming.
* * * LOW HITPOINT WARNING * * *
Pikel burns you.
* * * LOW HITPOINT WARNING * * *
The lemure hits you.
* * * LOW HITPOINT WARNING * * *
The lemure hits you.
* * * LOW HITPOINT WARNING * * *
Pikel hits you with a +1 whip of flaming!
You die...

....'..............##########....
....#..............#.......##...#
....#..............#.......##...#
#####..............#.......#....#
#...(......#####.......#....#
#..........#..##..##.######'#
#..........#..##..##.######.#
#..........#.............#...
#..........#@###.........#...
#..........#K.##.........#...
#..........'55##..##.###.###†
#.......>..#55######+###.###.
######.....##### #.......#..
#....5....# #.......#..
#.........# ######..###
#............. ##..###
#............. #.....#


You could see Pikel and 4 lemures.

Vanquished Creatures
  Sigmund (D:4)
  A water moccasin (D:5)
  2 scorpions (D:5)
  An orc priest (D:3)
  2 iguanas (D:5)
  5 adders
  4 worms
  A dart slug (D:2)
  8 orcs
  9 bats
  4 endoplasms
  3 giant cockroaches
  8 goblins
  2 hobgoblins
  6 jackals (D:2)
  A quokka (D:4)
  5 ball pythons
  6 frilled lizards
  4 kobolds
  6 rats
79 creatures vanquished.

Vanquished Creatures (others)
  An orc priest (D:3)
  An orc (D:3)
  An endoplasm (D:3)
  A plant (D:2)
4 creatures vanquished.

Grand Total: 83 creatures vanquished

Notes
Turn   | Place    | Note
-------+----------+-------------------------------------------
     0 | D:1      | cheesebisquit the Hill Orc Fighter began the quest for the
                  | Orb.
     0 | D:1      | Reached XP level 1. HP: 19/19 MP: 1/1
    67 | D:1      | Reached skill level 3 in Axes
   204 | D:1      | Reached XP level 2. HP: 24/27 MP: 2/2
   917 | D:2      | Reached XP level 3. HP: 33/33 MP: 3/3
  1187 | D:2      | Found a faded altar of an unknown god.
  1289 | D:2      | Found a shimmering blue altar of Sif Muna.
  1508 | D:2      | Reached skill level 4 in Axes
  1624 | D:3      | Reached XP level 4. HP: 40/40 MP: 4/4
  1672 | D:3      | Became a worshipper of Beogh the Brigand
  2126 | D:3      | Identified the +5 buckler of the Lion {rCorr Str-5 Int+4
                  | Dex+3}
  2197 | D:3      | Reached XP level 5. HP: 47/47 MP: 5/5
  2745 | D:4      | Noticed Sigmund
  2769 | D:4      | Killed Sigmund
  2770 | D:4      | Reached skill level 5 in Axes
  2770 | D:4      | Reached XP level 6. HP: 31/55 MP: 6/6
  3227 | D:4      | Identified the ring "Deatirem" {Wiz rN+ Int+3 Dex-5 SInv}
  3627 | D:5      | Entered Level 5 of the Dungeon
  3673 | D:5      | Reached skill level 5 in Fighting
  3683 | D:5      | Reached skill level 6 in Axes
  3801 | D:5      | Noticed a water moccasin
  3817 | D:5      | Killed a water moccasin
  3818 | D:5      | Reached XP level 7. HP: 27/61 MP: 7/7
  4135 | D:5      | Reached skill level 5 in Armour
  4135 | D:5      | Reached skill level 5 in Shields
  4625 | D:5      | Noticed Pikel
  4654 | D:5      | HP: 2/61 [lemure[Pikel] (6)]
  4655 | D:5      | Mangled by Pikel

Illustrated notes

Levels and vault maps discovered:
D:1:      dpeg_arrival_shrine, layout_basic, minivault_25, fountainhead
D:2:      layout_basic, serial_curves, eino_curves_04, eino_curves_04,
          shapermc_ecumenical_altar_mp_ritualfount, basic_altar
D:3:      layout_basic, hangedman_feature_mirror
D:4:      layout_gridville, uniq_sigmund
D:5:      layout_gridville, uniq_pikel

Skill      XL: |  1  2  3  4  5  6  7 |
---------------+----------------------+-----
Axes           | 3 4 5 6 |  6.9
Fighting       | 4 5 |  5.5
Armour         | 4 5 |  5.0
Shields        | 4 5 |  5.0

Action                   |  1- 3 |  4- 6 |  7- 9 || total
-------------------------+-------+-------+-------++-------
Melee: War axe           |   108 |   112 |    41 ||   261
Throw: Boomerang         |       |    34 |     8 ||    42
Invok: Convert to Beogh  |       |     1 |       ||     1
  Use: Potion            |       |     5 |     5 ||    10
 Stab: Distracted        |       |     1 |       ||     1
Armor: Scale mail        |    71 |     5 |       ||    76
       Chain mail        |       |    70 |    29 ||    99
Dodge: Dodged            |    55 |    32 |    15 ||   102
Block: Buckler           |    27 |    13 |       ||    40
       Kite shield       |       |    25 |    27 ||    52
